| TOP OF THE 1ST |
|
Orlando Devil Rays batting - Pitching for New York Yankees : RHP Ramon J. Martinez
|
|
Pitching: RHP Ramon J. Martinez
|
|
|
Batting: RHB Craig Biggio
|
0-0: SINGLE (Groundball, 56D, EV 95.6 MPH)
|
|
Pitching: RHP Andy Ashby
|
|
|
Batting: LHB John Kruk
|
0-0: Ball 1-0: Called Strike 1-1: Ball 2-1: Swinging Strike 2-2: Ball 3-2: Fielders Choice at 2nd, 1-6 (Groundball, 34S, EV 78.8 MPH)
|
|
Batting: RHB Brian Jordan
|
0-0: Ball 1-0: Called Strike 1-1: Fly out, F9 (Flyball, 89D, EV 88.1 MPH)
|
|
Batting: RHB Tim Salmon
|
0-0: Ball 1-0: Called Strike 1-1: Foul Ball, location: 2F 1-2: Foul Ball, location: 2F 1-2: Fly out, F9 (Flyball, 89XD, EV 99.4 MPH)
|
| Top of the 1st over - 0 runs, 1 hit, 0 errors, 1 left on base; Orlando 0 - New York 0 |
| BOTTOM OF THE 1ST |
|
New York Yankees batting - Pitching for Orlando Devil Rays : RHP Shane Reynolds
|
|
Pitching: RHP Shane Reynolds
|
|
|
Batting: RHB Orlando Cabrera
|
0-0: Foul Ball, location: 2F 0-1: Called Strike 0-2: Ball 1-2: DOUBLE (Line Drive, 89D, EV 106.3 MPH)
|
|
Batting: LHB Bobby Abreu
|
0-0: Ball 1-0: Called Strike 1-1: Ground out U3 (Groundball, 34, EV 98.1 MPH) Orlando Cabrera to third
|
|
Batting: RHB Mike Lieberthal
|
0-0: Swinging Strike 0-1: Called Strike 0-2: Fly out, F6 (Flyball, 6MD, EV 88.8 MPH)
|
|
Batting: RHB Kazuhiro Kiyohara
|
0-0: Ball Wild Pitch! Orlando Cabrera scores 1-0: Called Strike 1-1: Ball 2-1: Ball 3-1: Base on Balls
|
|
Batting: RHB Travis Fryman
|
0-0: SINGLE (Line Drive, 89S, EV 94.4 MPH) Kazuhiro Kiyohara to second Runner from 2nd tries for 3rd, SAFE, throw by RF made to third
|
|
Batting: RHB Phil B. Clark
|
0-0: Foul Ball, location: 2F 0-1: Ball 1-1: Foul Ball, location: 2F 1-2: Fly out, F5 (Popup, 56S, EV 87.5 MPH)
|
| Bottom of the 1st over - 1 run, 2 hits, 0 errors, 2 left on base; Orlando 0 - New York 1 |
| TOP OF THE 2ND |
|
Orlando Devil Rays batting - Pitching for New York Yankees : RHP Andy Ashby
|
|
Batting: LHB Paul O'Neill
|
0-0: Fly out, F9 (Flyball, 89S, EV 81.9 MPH)
|
|
Batting: RHB Ron Gant
|
0-0: Ball 1-0: Called Strike 1-1: Ball 2-1: Called Strike 2-2: Foul Ball, location: 2F 2-2: Foul Ball, location: 2F 2-2: Foul Ball, location: 2F 2-2: Ground out 6-3 (Groundball, 6, EV 80.6 MPH)
|
|
Batting: RHB Ivan Rodriguez
|
0-0: Ball 1-0: Foul Ball, location: 2F 1-1: Called Strike 1-2: Fly out, F7 (Line Drive, 7S, EV 96.3 MPH)
|
| Top of the 2nd over - 0 runs, 0 hits, 0 errors, 0 left on base; Orlando 0 - New York 1 |
| BOTTOM OF THE 2ND |
|
New York Yankees batting - Pitching for Orlando Devil Rays : RHP Shane Reynolds
|
|
Batting: RHB Ryan Thompson
|
0-0: Fly out, F7 (Flyball, 7S, EV 88.1 MPH)
|
|
Batting: RHB Darren Lewis
|
0-0: Ball 1-0: Swinging Strike 1-1: Ball 2-1: Foul Ball, location: 2F 2-2: Foul Ball, location: 2F 2-2: Strikes out swinging
|
|
Batting: RHB Mike Gallego
|
0-0: Called Strike 0-1: Ball 1-1: Fly out, F7 (Flyball, 7S, EV 83.1 MPH)
|
| Bottom of the 2nd over - 0 runs, 0 hits, 0 errors, 0 left on base; Orlando 0 - New York 1 |
| TOP OF THE 3RD |
|
Orlando Devil Rays batting - Pitching for New York Yankees : RHP Andy Ashby
|
|
Batting: SHB Jose Valentin
|
0-0: Swinging Strike 0-1: Foul Ball, location: 2F 0-2: Strikes out swinging
|
|
Batting: SHB Jose Oquendo
|
0-0: Called Strike 0-1: Ground out 4-3 (Groundball, 34, EV 84.4 MPH)
|
|
Batting: RHB Craig Biggio
|
0-0: Ball 1-0: Fly out, F9 (Flyball, 9S, EV 76.9 MPH)
|
| Top of the 3rd over - 0 runs, 0 hits, 0 errors, 0 left on base; Orlando 0 - New York 1 |
| BOTTOM OF THE 3RD |
|
New York Yankees batting - Pitching for Orlando Devil Rays : RHP Shane Reynolds
|
|
Batting: RHB Orlando Cabrera
|
0-0: Called Strike 0-1: Fly out, F8 (Flyball, 8LM, EV 91.9 MPH)
|
|
Batting: LHB Bobby Abreu
|
0-0: SINGLE (Groundball, 4MD, EV 94.4 MPH)
|
|
Batting: RHB Mike Lieberthal
|
0-0: Called Strike 0-1: Ball 1-1: Ball 2-1: Fly out, F9 (Flyball, 9S, EV 86.9 MPH)
|
|
Batting: RHB Kazuhiro Kiyohara
|
0-0: Called Strike 0-1: Swinging Strike 0-2: Ball 1-2: Ball 2-2: Foul Ball, location: 2F 2-2: Strikes out swinging
|
| Bottom of the 3rd over - 0 runs, 1 hit, 0 errors, 1 left on base; Orlando 0 - New York 1 |
| TOP OF THE 4TH |
|
Orlando Devil Rays batting - Pitching for New York Yankees : RHP Andy Ashby
|
|
Batting: LHB John Kruk
|
0-0: Ball 1-0: Foul Ball, location: 2F 1-1: Ball 2-1: Foul Ball, location: 2F 2-2: Ground out 4-3 (Groundball, 4, EV 83.8 MPH)
|
|
Batting: RHB Brian Jordan
|
0-0: Fly out, F2 (Popup, 3SF, EV 82.5 MPH)
|
|
Batting: RHB Tim Salmon
|
0-0: Foul Ball, location: 2F 0-1: Foul Ball, location: 2F 0-2: Ball 1-2: Strikes out swinging
|
| Top of the 4th over - 0 runs, 0 hits, 0 errors, 0 left on base; Orlando 0 - New York 1 |
| BOTTOM OF THE 4TH |
|
New York Yankees batting - Pitching for Orlando Devil Rays : RHP Shane Reynolds
|
|
Batting: RHB Travis Fryman
|
0-0: Called Strike 0-1: DOUBLE (Popup, 4MD, EV 55.6 MPH)
|
|
Batting: RHB Phil B. Clark
|
0-0: Fly out, F9 (Flyball, 9D, EV 94.4 MPH) Runner from 2nd tags up, SAFE at 3rd, no throw by RF
|
|
Batting: RHB Ryan Thompson
|
0-0: Swinging Strike 0-1: Called Strike 0-2: SINGLE (Groundball, 6MD, EV 106.9 MPH) Travis Fryman scores
|
|
Batting: RHB Darren Lewis
|
0-0: Called Strike 0-1: Swinging Strike 0-2: Fly out, F9 (Flyball, 9LMF, EV 75.0 MPH)
|
|
Batting: RHB Mike Gallego
|
0-0: Ball 1-0: Fly out, F8 (Line Drive, 8RD, EV 106.3 MPH)
|
| Bottom of the 4th over - 1 run, 2 hits, 0 errors, 1 left on base; Orlando 0 - New York 2 |
| TOP OF THE 5TH |
|
Orlando Devil Rays batting - Pitching for New York Yankees : RHP Andy Ashby
|
|
Batting: LHB Paul O'Neill
|
0-0: Ball 1-0: Ball 2-0: Foul Ball, location: 2F 2-1: Foul Ball, location: 2F 2-2: Ball 3-2: SINGLE (Groundball, 4MD, EV 96.9 MPH)
|
|
Batting: RHB Ron Gant
|
0-0: Sac Bunt to 15 - play at first, batter OUT! 1-3 Paul O'Neill to second
|
|
Batting: RHB Ivan Rodriguez
|
0-0: Foul Ball, location: 2F 0-1: Ball 1-1: 2-RUN HOME RUN (Flyball, 89XD, EV 93.1 MPH), Distance : 410 ft
|
|
Batting: SHB Jose Valentin
|
0-0: Called Strike 0-1: Ball 1-1: Called Strike 1-2: Strikes out swinging
|
|
Batting: SHB Jose Oquendo
|
0-0: Ball 1-0: Ball 2-0: Called Strike 2-1: Called Strike 2-2: Ground out U3 (Groundball, 3L, EV 88.8 MPH)
|
| Top of the 5th over - 2 runs, 2 hits, 0 errors, 0 left on base; Orlando 2 - New York 2 |
| BOTTOM OF THE 5TH |
|
New York Yankees batting - Pitching for Orlando Devil Rays : RHP Shane Reynolds
|
|
Batting: RHB Orlando Cabrera
|
0-0: Fly out, F6 (Popup, 15, EV 87.5 MPH)
|
|
Batting: LHB Bobby Abreu
|
0-0: Ball 1-0: Ball 2-0: Called Strike 2-1: Swinging Strike 2-2: Foul Ball, location: 2F 2-2: Ball 3-2: Fly out, F9 (Flyball, 9LSF, EV 75.6 MPH)
|
|
Batting: RHB Mike Lieberthal
|
0-0: Foul Ball, location: 2F 0-1: Ball 1-1: Foul Ball, location: 2F 1-2: Foul Ball, location: 2F 1-2: Ground out 5-3 (Groundball, 5, EV 83.1 MPH)
|
| Bottom of the 5th over - 0 runs, 0 hits, 0 errors, 0 left on base; Orlando 2 - New York 2 |
| TOP OF THE 6TH |
|
Orlando Devil Rays batting - Pitching for New York Yankees : RHP Andy Ashby
|
|
Pitching: LHP Bryan Eversgerd
|
|
|
Batting: RHB Craig Biggio
|
0-0: Foul Ball, location: 2F 0-1: Ball 1-1: Ball 2-1: DOUBLE (Line Drive, 9LM, EV 107.5 MPH)
|
|
Batting: LHB John Kruk
|
0-0: Called Strike 0-1: Called Strike 0-2: Strikes out looking
|
|
Batting: RHB Brian Jordan
|
0-0: Called Strike Craig Biggio steals 3rd base 0-1: Ball 1-1: Called Strike 1-2: Foul Ball, location: 2F 1-2: Ball 2-2: SINGLE (Flyball, 9LS, EV 93.8 MPH) Craig Biggio scores
|
|
Pitching: RHP Mike Henneman
|
|
|
Batting: RHB Tim Salmon
|
0-0: Called Strike 0-1: Fly out, F5 (Popup, 5SF, EV 83.1 MPH)
|
|
Batting: LHB Paul O'Neill
|
0-0: Called Strike 0-1: Ball 1-1: Ball 2-1: Called Strike Brian Jordan steals 2nd base 2-2: Ground out 3-1 (Groundball, 34, EV 84.4 MPH)
|
| Top of the 6th over - 1 run, 2 hits, 0 errors, 1 left on base; Orlando 3 - New York 2 |
| BOTTOM OF THE 6TH |
|
New York Yankees batting - Pitching for Orlando Devil Rays : RHP Shane Reynolds
|
|
Batting: RHB Kazuhiro Kiyohara
|
0-0: Swinging Strike 0-1: Ball 1-1: Ball 2-1: SINGLE (Groundball, 56D, EV 97.5 MPH)
|
|
Batting: RHB Travis Fryman
|
0-0: Called Strike 0-1: SINGLE (Groundball, 34D, EV 104.4 MPH) Kazuhiro Kiyohara to second Runner from 2nd tries for 3rd, SAFE, throw by RF made to third
|
|
Batting: RHB Phil B. Clark
|
0-0: Fly out, F9 (Flyball, 9, EV 91.9 MPH) Runner from 3rd tags up, OUT at HOME! 9-2 Travis Fryman to second
|
|
Now in RF: Tony Womack
|
|
|
Batting: RHB Ryan Thompson
|
0-0: Ground out 6-3 (Groundball, 6, EV 90.6 MPH)
|
| Bottom of the 6th over - 0 runs, 2 hits, 0 errors, 1 left on base; Orlando 3 - New York 2 |
| TOP OF THE 7TH |
|
Orlando Devil Rays batting - Pitching for New York Yankees : RHP Mike Henneman
|
|
Batting: RHB Ron Gant
|
0-0: Foul Ball, location: 2F 0-1: Swinging Strike 0-2: Ball 1-2: Ball 2-2: Foul Ball, location: 2F 2-2: Ball 3-2: Base on Balls
|
|
Batting: RHB Ivan Rodriguez
|
0-0: Ball 1-0: Bunt missed! 1-1: Ball 2-1: Bunt missed! 2-2: Ball 3-2: Foul Ball, location: 2F 3-2: Foul Ball, location: 2F 3-2: Strikes out looking Ron Gant is caught stealing 2nd base 2-4 Batter strikes out.
|
|
Batting: SHB Jose Valentin
|
0-0: Ball 1-0: Fly out, F8 (Flyball, 8RXD, EV 93.1 MPH)
|
| Top of the 7th over - 0 runs, 0 hits, 0 errors, 0 left on base; Orlando 3 - New York 2 |
| BOTTOM OF THE 7TH |
|
New York Yankees batting - Pitching for Orlando Devil Rays : RHP Shane Reynolds
|
|
Batting: RHB Darren Lewis
|
0-0: Foul Ball, location: 2F 0-1: Ball 1-1: Ball 2-1: Foul Ball, location: 2F 2-2: Fly out, F9 (Line Drive, 9S, EV 110.6 MPH)
|
|
Batting: RHB Mike Gallego
|
0-0: Swinging Strike 0-1: Swinging Strike 0-2: Foul Ball, location: 2F 0-2: Ball 1-2: Strikes out looking
|
|
Batting: RHB Orlando Cabrera
|
0-0: Ball 1-0: Foul Ball, location: 2F 1-1: Foul Ball, location: 2F 1-2: Foul Ball, location: 2F 1-2: Ball 2-2: Strikes out swinging
|
| Bottom of the 7th over - 0 runs, 0 hits, 0 errors, 0 left on base; Orlando 3 - New York 2 |
| TOP OF THE 8TH |
|
Orlando Devil Rays batting - Pitching for New York Yankees : RHP Mike Henneman
|
|
Batting: SHB Jose Oquendo
|
0-0: Foul Ball, location: 2F 0-1: SINGLE (Groundball, 4MD, EV 98.8 MPH)
|
|
Pitching: LHP Doug Simons
|
|
|
Batting: RHB Craig Biggio
|
0-0: Bunt missed! 0-1: Ball 1-1: Sac Bunt to 2L - play at first, batter OUT! 2-4 Jose Oquendo to second
|
|
Batting: LHB John Kruk
|
0-0: Called Strike 0-1: Ball 1-1: Called Strike 1-2: Ball 2-2: Fly out, F7 (Flyball, 7, EV 92.5 MPH)
|
|
Batting: RHB Brian Jordan
|
0-0: Hit by Pitch
|
|
Batting: LHB Tony Womack
|
0-0: Swinging Strike 0-1: Ball 1-1: Foul Ball, location: 2F 1-2: Strikes out swinging
|
| Top of the 8th over - 0 runs, 1 hit, 0 errors, 2 left on base; Orlando 3 - New York 2 |
| BOTTOM OF THE 8TH |
|
New York Yankees batting - Pitching for Orlando Devil Rays : RHP Shane Reynolds
|
|
Batting: LHB Bobby Abreu
|
0-0: Fly out, F9 (Flyball, 9S, EV 91.3 MPH)
|
|
Batting: RHB Mike Lieberthal
|
0-0: Called Strike 0-1: Called Strike 0-2: Ball 1-2: Ball 2-2: Strikes out looking
|
|
Batting: RHB Kazuhiro Kiyohara
|
0-0: Ball 1-0: Swinging Strike 1-1: Swinging Strike 1-2: Strikes out swinging
|
| Bottom of the 8th over - 0 runs, 0 hits, 0 errors, 0 left on base; Orlando 3 - New York 2 |
| TOP OF THE 9TH |
|
Orlando Devil Rays batting - Pitching for New York Yankees : LHP Doug Simons
|
|
Batting: LHB Paul O'Neill
|
0-0: Ball 1-0: Ball 2-0: Fly out, F9 (Flyball, 9D, EV 91.3 MPH)
|
|
Batting: RHB Ron Gant
|
0-0: Ball 1-0: Called Strike 1-1: Foul Ball, location: 2F 1-2: Foul Ball, location: 2F 1-2: Ball 2-2: Foul Ball, location: 2F 2-2: Fly out, F7 (Flyball, 7S, EV 87.5 MPH)
|
|
Batting: RHB Ivan Rodriguez
|
0-0: Ball 1-0: Ball 2-0: Called Strike 2-1: Foul Ball, location: 2F 2-2: Ball 3-2: Ground out 3-1 (Groundball, 34, EV 91.9 MPH)
|
| Top of the 9th over - 0 runs, 0 hits, 0 errors, 0 left on base; Orlando 3 - New York 2 |
| BOTTOM OF THE 9TH |
|
New York Yankees batting - Pitching for Orlando Devil Rays : RHP Shane Reynolds
|
|
Batting: RHB Travis Fryman
|
0-0: SINGLE (Flyball, 89S, EV 90.0 MPH)
|
|
Batting: RHB Phil B. Clark
|
0-0: Ball 1-0: SINGLE (Line Drive, 34D, EV 95.0 MPH) Travis Fryman to second Runner from 2nd tries for 3rd, SAFE, throw by RF made to third
|
|
Batting: RHB Ryan Thompson
|
0-0: Hit by Pitch Phil B. Clark to second
|
|
Pinch Hitting: SHB Quinton McCracken
|
0-0: Ball 1-0: Ball 2-0: Called Strike 2-1: Foul Ball, location: 2F 2-2: Strikes out swinging
|
|
Pitching: RHP Toby Borland
|
|
|
Batting: RHB Mike Gallego
|
0-0: Called Strike 0-1: Ball 1-1: Called Strike 1-2: Strikes out swinging
|
|
Batting: RHB Orlando Cabrera
|
0-0: Ball 1-0: Ball 2-0: Called Strike 2-1: Ball 3-1: Base on Balls Travis Fryman scores Phil B. Clark to third Ryan Thompson to second
|
|
Batting: LHB Bobby Abreu
|
0-0: Called Strike 0-1: Fielders Choice at 2nd, U4 (Groundball, 4M, EV 84.4 MPH)
|
| Bottom of the 9th over - 1 run, 2 hits, 0 errors, 3 left on base; Orlando 3 - New York 3 |
| TOP OF THE 10TH |
|
Orlando Devil Rays batting - Pitching for New York Yankees : LHP Doug Simons
|
|
Now in LF: Quinton McCracken
|
|
|
Batting: SHB Jose Valentin
|
0-0: SINGLE (Groundball, 6D, EV 94.4 MPH)
|
|
Batting: SHB Jose Oquendo
|
0-0: Ball 1-0: Called Strike 1-1: Bunt missed! 1-2: Fly out, F9 (Line Drive, 9D, EV 101.3 MPH)
|
|
Pitching: RHP Lee Smith
|
|
|
Batting: RHB Craig Biggio
|
0-0: Called Strike 0-1: Ball 1-1: Swinging Strike 1-2: Ball 2-2: Ground out 5-3 (Groundball, 56S, EV 73.1 MPH) Jose Valentin to second
|
|
Batting: LHB John Kruk
|
0-0: SINGLE (Groundball, 3D, EV 98.8 MPH) Jose Valentin to third Runner from 3rd tries for Home, SAFE, throw by RF to home John Kruk to second
|
|
Batting: RHB Brian Jordan
|
0-0: Ball Wild Pitch! John Kruk to third 1-0: Called Strike 1-1: Called Strike 1-2: Strikes out looking
|
| Top of the 10th over - 1 run, 2 hits, 0 errors, 1 left on base; Orlando 4 - New York 3 |
| BOTTOM OF THE 10TH |
|
New York Yankees batting - Pitching for Orlando Devil Rays : RHP Toby Borland
|
|
Batting: RHB Mike Lieberthal
|
0-0: Called Strike 0-1: Swinging Strike 0-2: Ball 1-2: Foul Ball, location: 2F 1-2: SOLO HOME RUN (Flyball, 9D, EV 98.1 MPH), Distance : 391 ft
|
|
Batting: RHB Kazuhiro Kiyohara
|
0-0: Ball 1-0: Ground out 6-3 (Groundball, 56, EV 104.4 MPH)
|
|
Batting: RHB Travis Fryman
|
0-0: Called Strike 0-1: Swinging Strike 0-2: Fly out, F7 (Line Drive, 7D, EV 86.9 MPH)
|
|
Batting: RHB Phil B. Clark
|
0-0: Called Strike 0-1: Ball 1-1: Foul Ball, location: 2F 1-2: Ball 2-2: Ground out 6-3 (Groundball, 56, EV 94.4 MPH)
|
| Bottom of the 10th over - 1 run, 1 hit, 0 errors, 0 left on base; Orlando 4 - New York 4 |
| TOP OF THE 11TH |
|
Orlando Devil Rays batting - Pitching for New York Yankees : RHP Lee Smith
|
|
Batting: LHB Tony Womack
|
0-0: TRIPLE (Flyball, 9D, EV 98.1 MPH)
|
|
Batting: LHB Paul O'Neill
|
0-0: Ball 1-0: Foul Ball, location: 2F 1-1: Ball 2-1: Swinging Strike 2-2: Ball 3-2: Foul Ball, location: 2F 3-2: Fly out, F8 (Line Drive, 8RM, EV 90.6 MPH) Runner from 3rd tags up, SCORES, throw by CF
|
|
Batting: RHB Ron Gant
|
0-0: Called Strike 0-1: Swinging Strike 0-2: Ball 1-2: Ball 2-2: Ball 3-2: Strikes out looking
|
|
Pitching: RHP Jose Mesa
|
|
|
Batting: RHB Ivan Rodriguez
|
0-0: Ball 1-0: Called Strike 1-1: SINGLE (Line Drive, 4MD, EV 98.8 MPH)
|
|
Batting: SHB Jose Valentin
|
0-0: Ball 1-0: Ball 2-0: Called Strike 2-1: Fly out, F8 (Line Drive, 8LD, EV 98.1 MPH)
|
| Top of the 11th over - 1 run, 2 hits, 0 errors, 1 left on base; Orlando 5 - New York 4 |
| BOTTOM OF THE 11TH |
|
New York Yankees batting - Pitching for Orlando Devil Rays : RHP Toby Borland
|
|
Batting: RHB Ryan Thompson
|
0-0: Ball 1-0: Swinging Strike 1-1: Swinging Strike 1-2: Foul Ball, location: 2F 1-2: Strikes out looking
|
|
Batting: SHB Quinton McCracken
|
0-0: Swinging Strike 0-1: Foul Ball, location: 2F 0-2: Ball 1-2: Strikes out swinging
|
|
Pinch Hitting: LHB J.R. Phillips
|
0-0: Called Strike 0-1: Foul Ball, location: 2F 0-2: Strikes out swinging, 2-3 out at first.
|
| Bottom of the 11th over - 0 runs, 0 hits, 0 errors, 0 left on base; Orlando 5 - New York 4 |
|